 Dungeon Crawl Stone Soup version 0.30-a0-166-g5d06c95188 (webtiles) character file.

Game seed: 12249814187853814034

142 qw the Chopper (level 5, 0/32 HPs)
             Began as a Gargoyle Fighter on Sept 29, 2022.
             Slain by a gnoll
             ... wielding a +0 spear
              (5 damage)
             ... on level 3 of the Dungeon.
             The game lasted 00:00:50 (2365 turns).

qw the Chopper (Gargoyle Fighter)                   Turns: 2365, Time: 00:00:51

Health: 0/32       AC: 17    Str: 22    XL:     5   Next: 24%
Magic:  5/5        EV:  6    Int:  8    God:
Gold:   199        SH:  4    Dex:  9    Spells: 4/4 levels left

rFire   . . .      SeeInvis .    Y - +0 war axe
rCold   . . .      Faith    .    c - +0 buckler
rNeg    + . .      Spirit   .    j - +0 plate armour
rPois   inf        Reflect  .    (no helmet)
rElec   +          Harm     .    b - +0 cloak
rCorr   .          Rampage  .    h - +0 pair of gloves
Will    .....                    (no boots)
Stlth   ..........               (no amulet)
HPRegen 0.10/turn                (no ring)
MPRegen 0.09/turn                (no ring)

@: about to teleport
A: sickness immunity, AC +4, negative energy resistance 1, electricity
resistance, torment resistance 1, petrification resistance
a: no special abilities


You were on level 3 of the Dungeon.
You visited 1 branch of the dungeon, and saw 3 of its levels.

You collected 199 gold pieces.


Innate Abilities, Weirdness & Mutations

You are immune to sickness and miasma.
Your stone body is resilient. (AC +4)
You are immune to poison.
You resist negative energy. (rN+)
You are resistant to electric shocks. (rElec)
You are resistant to unholy torment.
You are immune to petrification.


   Skills:
 - Level 3.2 Fighting
 + Level 4.8 Axes
 - Level 3.2 Armour
 - Level 3.2 Shields


You had 4 spell levels left.
You didn't know any spells.
Your spell library was empty.

Inventory:

Hand Weapons
 i - a +0 whip
 Y - a +0 war axe (weapon)
Armour
 b - a +0 cloak (worn)
 c - a +0 buckler (worn)
 h - a +0 pair of gloves (worn)
 j - a +0 plate armour (worn)
Scrolls
 a - a scroll of identify
 f - a scroll of fear {unknown}
 g - 2 scrolls of teleportation
 l - a scroll of enchant armour {unknown}
 m - a scroll of blinking {unknown}
 n - a scroll of noise {unknown}
Potions
 d - 2 potions of might
 e - 2 potions of curing
 k - 2 potions of brilliance {unknown}

Dungeon Overview and Level Annotations

Branches:
Dungeon (3/15)

Altars:


Message History

You hear a shout!
The gnoll hits you but does no damage.
2355 ||| Stepping ~*~*~tactically~*~*~ (hiding).
The gnoll attacks as you move away! The gnoll hits you but does no damage.
2356 ||| Stepping ~*~*~tactically~*~*~ (hiding).
You closely miss the gnoll. The gnoll hits you with a +0 club.
A ball python comes into view.
The ball python hisses angrily.
You hit the gnoll.
The gnoll is lightly wounded.
The gnoll barely misses you.
You slash the gnoll!
The gnoll is almost dead.
The gnoll hits you with a +0 club. x2; The gnoll barely misses you.
You completely miss the gnoll.
The gnoll is almost dead.
The gnoll hits you but does no damage. x2
You closely miss the gnoll.
The gnoll is almost dead.
The gnoll hits you but does no damage.
The gnoll hits you from afar with a +0 halberd!
You barely miss the gnoll.
The gnoll is almost dead.
You slash the ball python!
You kill the ball python!
The gnoll hits you with a +0 club.
A gnoll comes into view. It is wielding a +0 spear.
The gnoll barely misses you.
The gnoll hits you but does no damage. x2
You slash the gnoll!
You kill the gnoll!
The gnoll hits you but does no damage. The gnoll barely misses you.
The gnoll hits you with a +0 halberd!
You see here a +0 club.
2365 ||| READING 3 scrolls of teleportation.
As you read the scroll of teleportation, it crumbles to dust.
You feel strangely unstable. The gnoll barely misses you.
The gnoll hits you from afar with a +0 spear.
You die...

#.%..#.# ............
#..##.## ........##.#
###..##.###
......#####.#
.....##.#.. ##......
#.# ####.##.#.#
....... #.#
#<##.#.#######
.#..... #.#
#.##.#.......##!...##
#.#
#.#............#.#
#.#
..#..#.......@...#
#.#
###..#.##.##%#g..#
#.. #..#.#......g).#
### #.....#.##.#...#
# #........#.#.#.# #
..#...###....#.# #
..##.## ##..)#.# # #.
... ....# . . . ...
##.# # .


You could see 2 gnolls.

Vanquished Creatures
  A gnoll bouda (D:2)
  5 gnolls
  An adder (D:2)
  3 worms (D:2)
  2 dart slugs
  6 ball pythons
  2 bats (D:1)
  2 endoplasms (D:2)
  A giant cockroach (D:2)
  3 goblins
  6 hobgoblins
  2 jackals (D:2)
  4 quokkas
  6 frilled lizards
  A kobold (D:1)
  4 rats
49 creatures vanquished.

Notes
Turn   | Place    | Note
-------+----------+-------------------------------------------
     0 | D:1      | qw the Gargoyle Fighter began the quest for the Orb.
     0 | D:1      | Reached XP level 1. HP: 14/14 MP: 1/1
     0 | D:1      | 0 ||| qw: Version: 0.2-a-12-gaebbb33
     0 | D:1      | 0 ||| qw: Game counter: 1059
     0 | D:1      | 0 ||| qw: Always use a shield: true
     0 | D:1      | 0 ||| qw: God list: Okawaru
     0 | D:1      | 0 ||| qw: Allow faded altars: false
     0 | D:1      | 0 ||| qw: Do Orc after D:15 true
     0 | D:1      | 0 ||| qw: Do second Lair branch before Depths: true
     0 | D:1      | 0 ||| qw: Lair rune preference: random
     0 | D:1      | 0 ||| qw: Plans: Normal, Zot:1-4, God:TSO, Crypt, Tomb,
                  | Pan, Slime:5, Hells, Abyss, Orb
     0 | D:1      | 0 ||| PLANNING D:1-11
    61 | D:1      | Reached skill level 2 in Axes
   157 | D:1      | Reached XP level 2. HP: 19/19 MP: 2/2
   837 | D:1      | Reached skill level 3 in Axes
   900 | D:1      | Found a faded altar of an unknown god.
   927 | D:1      | 927 ||| UPGRADING to +0 pair of gloves.
   932 | D:1      | 932 ||| UPGRADING to +0 plate armour.
   942 | D:1      | 942 ||| DROPPING +0 scale mail.
   943 | D:1      | 943 ||| READING 3 scrolls labelled ELLOFF RUNU.
   944 | D:1      | 944 ||| READING 2 scrolls labelled CARICIZYME.
   947 | D:1      | 947 ||| READING 2 scrolls of identify.
   947 | D:1      | 947 ||| IDENTIFYING viscous green potion
   973 | D:2      | Reached XP level 3. HP: 23/23 MP: 3/3
   988 | D:2      | HP: 4/23 [gnoll bouda/+0 whip (4)]
   989 | D:2      | 989 ||| READING scroll of teleportation.
  1324 | D:2      | 1324 ||| Stepping ~*~*~tactically~*~*~ (stealth).
  1326 | D:2      | 1326 ||| Stepping ~*~*~tactically~*~*~ (hiding).
  1330 | D:2      | Reached XP level 4. HP: 28/28 MP: 4/4
  1341 | D:2      | Reached skill level 4 in Axes
  1501 | D:2      | You fall into a shaft and drop 1 floor!
  1590 | D:3      | 1590 ||| UPGRADING to +0 cloak.
  1595 | D:3      | 1595 ||| READING scroll labelled POMUBR RADE.
  1691 | D:2      | 1691 ||| Stepping ~*~*~tactically~*~*~ (stealth).
  1797 | D:2      | 1797 ||| Stepping ~*~*~tactically~*~*~ (stealth).
  1798 | D:2      | 1798 ||| Stepping ~*~*~tactically~*~*~ (stealth).
  1813 | D:2      | 1813 ||| Stepping ~*~*~tactically~*~*~ (stealth).
  1817 | D:2      | 1817 ||| Stepping ~*~*~tactically~*~*~ (stealth).
  1832 | D:2      | Reached XP level 5. HP: 32/32 MP: 5/5
  2273 | D:2      | 2273 ||| READING scroll labelled COSOUH QECZUGE.
  2347 | D:3      | 2347 ||| Stepping ~*~*~tactically~*~*~ (hiding).
  2355 | D:3      | 2355 ||| Stepping ~*~*~tactically~*~*~ (hiding).
  2356 | D:3      | 2356 ||| Stepping ~*~*~tactically~*~*~ (hiding).
  2364 | D:3      | HP: 5/32 [gnoll/+0 halberd (7)]
  2365 | D:3      | 2365 ||| READING 3 scrolls of teleportation.
  2365 | D:3      | Slain by a gnoll

Levels and vault maps discovered:
D:1:      erik_arrival_triangle_small, layout_loops_ring,
          ebering_ecumenical_altar_rust
D:2:      layout_basic
D:3:      layout_loops_ring, mainiacjoe_overflow_cross_hatched,
          uniq_crazy_yiuf_cottage

Skill      XL: |  1  2  3  4 |
---------------+-------------+-----
Axes           | 2 3 4 |  4.8
Fighting       | |  3.2
Armour         | |  3.2
Shields        | |  3.2

Action                   |  1- 3 |  4- 6 || total
-------------------------+-------+-------++-------
Melee: War axe           |    82 |   108 ||   190
  Use: Scroll            |     4 |     3 ||     7
Armor: Scale mail        |    30 |       ||    30
       Plate armour      |     6 |    77 ||    83
Dodge: Dodged            |    37 |    53 ||    90
Block: Buckler           |    13 |    13 ||    26

Table legend:
 A = Non-vault XP
 B = Vault XP
 C = Vault XP percentage of total XP
 D = Non-vault monster count
 E = Vault monster count
 F = Vault count percentage of total count
                 A         B        C        D         E       F
            +---------+---------+-------+---------+---------+-------
      Total |     203 |       0 |   0.0 |      49 |       0 |   0.0
            +---------+---------+-------+---------+---------+-------
        D:1 |      31 |       0 |   0.0 |      19 |       0 |   0.0
        D:2 |     140 |       0 |   0.0 |      26 |       0 |   0.0
        D:3 |      32 |       0 |   0.0 |       4 |       0 |   0.0
            +---------+---------+-------+---------+---------+-------
